 Dungeon Crawl Stone Soup version 0.19-a0-684-gf760df0 (webtiles) character file.

136 zinstreak the Cudgeler (level 5, 0/41 HPs)
             Began as a Human Monk on June 18, 2016.
             Slain by a wyvern (2 damage)
             ... on level 4 of the Dungeon.
             The game lasted 00:06:01 (4335 turns).

zinstreak the Cudgeler (Human Monk)                 Turns: 4335, Time: 00:06:02

Health: 0/41       AC:  8    Str: 12    XL:     5   Next: 43%
Magic:  5/5        EV: 10    Int:  7    God:
Gold:   102        SH:  0    Dex: 16    Spells: 0 memorised, 4 levels left

rFire  . . .     SeeInvis .     l - -1 flail (curse)
rCold  . . .     Gourm    .     h - +1 ring mail
rNeg   . . .     Faith    .     (no shield)
rPois  .         Spirit   .     p - +0 helmet
rElec  .         Dismiss  .     (no cloak)
rCorr  .         Reflect  .     (no gloves)
SustAt .         Harm     .     r - +0 pair of boots
MR     .....     Rnd*Tele +     (no amulet)
Stlth  +.........               i - -3 ring of intelligence
                                m - ring of teleportation (curse)

@: heavily drained, not resistant to hostile enchantments, very unstealthy
A: sense surroundings 1
a: no special abilities


You were on level 4 of the Dungeon.
You were not hungry.

You visited 1 branch of the dungeon, and saw 4 of its levels.

You collected 102 gold pieces.

Inventory:

Hand Weapons
 a - a +1 mace
 b - a +0 flail
 l - a cursed -1 flail (weapon)
 u - a +0 blowgun
Missiles
 d - 4 javelins (quivered)
 j - 6 tomahawks
 v - 27 poisoned needles
Armour
 h - a +1 ring mail (worn)
 o - a +2 animal skin
 p - a +0 helmet (worn)
 r - a +0 pair of boots (worn)
Jewellery
 g - an uncursed ring of loudness
 i - a -3 ring of intelligence (right hand)
 m - a cursed ring of teleportation (left hand)
Wands
 w - a wand of random effects (0/48)
Scrolls
 e - 3 scrolls of enchant weapon
 k - a scroll of recharging
 n - a scroll of identify
Books
 s - a book of Beasts

   Spells                             Type                      Level
   a - Summon Butterflies             Summoning                    1
   b - Call Canine Familiar           Summoning                    3
   c - Summon Ice Beast               Ice/Summoning                4
   d - Summon Mana Viper              Hexes/Summoning              5
   e - Summon Hydra                   Summoning                    7
Comestibles
 c - 2 bread rations
 f - 3 meat rations
 q - 2 beef jerkies
 t - 2 chunks of flesh


   Skills:
 - Level 3.0(0.9) Fighting
 + Level 5.7(3.5) Maces & Flails
 - Level 3.0(0.9) Dodging
 - Level 2.0(0.0) Stealth


You had 4 spell levels left.
You didn't know any spells.

Dungeon Overview and Level Annotations

Branches:
Dungeon (4/15)
 Temple: D:4-7

Altars:
Elyvilon
Gozag
Nemelex Xobeh

Annotations:
D:1 exclusion: downstairs
D:2 Terence
D:3 Natasha


Innate Abilities, Weirdness & Mutations

You passively map a small area around you.


Message History

Nothing appears to happen.
The wyvern bites you. The wyvern bites you!
Evoke which item? (* to show all) (? for menu, Esc to quit)
This wand has no charges.
Okay, then.
You aren't carrying any potions.
Evoke which item? (* to show all) (? for menu, Esc to quit)
Okay, then.
You hit the wyvern.
The wyvern is heavily wounded.
The wyvern bites you!
* * * LOW HITPOINT WARNING * * *
The wyvern barely misses you.
You aren't carrying any potions.
Okay, then.
Throwing (i - inventory. (,) - cycle):
d - 5 javelins (quivered)
Press: ? - help, Shift-Dir - straight line, f/p - wyvern
Aim: a wyvern (heavily wounded)
You throw a javelin. The javelin closely misses the wyvern.
The wyvern bites you.
You die...

............#.
##########...#. , ,
.#.......##...#. , ,
..............#. , ,##
##............#. *
#.#.#.......##...#. ,,
#...#.......##...#.
,#.l.#.......##...#.
#@##............#.
#.....#รท.............#.
.........#............+.
.........#..!.........#.
.........#.##...###...#.
*
.......###.##...###...##
.......#.....?..........
,
.......#...............#
,
......#!..............#


You could see a wyvern.

Vanquished Creatures
  Robin (D:3)
  3 adders
  2 worms
  A dart slug (D:1)
  2 giant geckos
  7 orcs (D:3)
  4 giant cockroaches
  7 hobgoblins
  9 jackals (D:1)
  A quokka (D:2)
  2 ball pythons
  7 bats
  9 giant newts
  13 goblins
  5 kobolds
  7 rats
80 creatures vanquished.

Vanquished Creatures (others)
  2 hobgoblins (D:2)
2 creatures vanquished.

Grand Total: 82 creatures vanquished

Notes
Turn   | Place    | Note
--------------------------------------------------------------
     0 | D:1      | zinstreak the Human Monk began the quest for the Orb.
     0 | D:1      | Reached XP level 1. HP: 18/18 MP: 1/1
   185 | D:1      | Reached XP level 2. HP: 24/24 MP: 2/2
   709 | D:1      | Reached skill level 4 in Maces & Flails
   709 | D:1      | Reached XP level 3. HP: 29/29 MP: 3/3
  1312 | D:2      | Found a white marble altar of Elyvilon.
  1806 | D:2      | Reached XP level 4. HP: 31/35 MP: 4/4
  2136 | D:3      | noice
  2413 | D:3      | Noticed Robin
  2452 | D:3      | Reached skill level 5 in Maces & Flails
  2467 | D:3      | Noticed Terence
  2909 | D:3      | Killed Robin
  3441 | D:3      | Reached XP level 5. HP: 39/41 MP: 5/5
  4027 | D:3      | Gained mutation: You passively map a small area around you. [potion of beneficial mutation]
  4042 | D:3      | Noticed Natasha
  4147 | D:4      | Found an opulent altar of Gozag.
  4147 | D:4      | Found a sparkling altar of Nemelex Xobeh.
  4326 | D:4      | Noticed an ogre
  4331 | D:4      | Noticed a wyvern
  4331 | D:4      | an ogre changed into a wyvern
  4334 | D:4      | HP: 1/41 [wyvern (16)]
  4335 | D:4      | Slain by a wyvern

Vault maps used:
D:1:      dpeg_arrival_tiny_d
D:2:      elyvilon_altar_4, first_bread, small_statue_intersection
D:3:      uniq_iyjb, uniq_natasha, uniq_terence, uniq_robin
D:4:      grunt_temple_overflow_opulence, minmay_distorted

Skill      XL: |  1  2  3  4 |
---------------+-------------+-----
Maces & Flails | 4 5 |  5.7
Fighting       | |  3.0
Dodging        | |  3.0
Stealth        | |  2.0

Action                   |  1- 3 |  4- 6 || total
-------------------------+-------+-------++-------
Melee: Mace              |   139 |    55 ||   194
       Flail             |       |   143 ||   143
Throw: Javelin           |       |     3 ||     3
Evoke: Wand              |       |     5 ||     5
  Use: Scroll            |     6 |     5 ||    11
       Potion            |       |     2 ||     2
 Stab: Sleeping          |     2 |     1 ||     3
  Eat: Chunk             |     3 |     4 ||     7
       Bread ration      |       |     1 ||     1
Armor: Robe              |     3 |       ||     3
       Ring mail         |    53 |    75 ||   128
       Animal skin       |       |     2 ||     2
Dodge: Dodged            |   104 |   106 ||   210
